 Dungeon Crawl Stone Soup version 0.28.0 (webtiles) character file.

Game seed: 13170502765472550471

106 HallandMoats the Skirmisher (level 4, -1/29 HPs)
             Began as a Gargoyle Monk on Feb 6, 2022.
             Was a Priest of Qazlal.
             Slain by Crazy Yiuf (7 damage)
             ... on level 2 of the Dungeon.
             The game lasted 00:02:38 (3102 turns).

HallandMoats the Skirmisher (Gargoyle Monk)         Turns: 3102, Time: 00:02:39

Health: -1/29      AC: 10    Str: 17    XL:     4   Next: 84%
Magic:  5/5        EV: 10    Int: 10    God:    Qazlal [***...]
Gold:   28         SH:  4    Dex: 12    Spells: 3/3 levels left

rFire   . . .      SeeInvis .   a - +0 spear
rCold   + . .      Faith    .   (no shield)
rNeg    + . .      Spirit   .   b - +0 scale mail {rC+}
rPois   ∞          Reflect  .   (no helmet)
rElec   +          Harm     .   (no cloak)
rCorr   .          Rampage  .   (no gloves)
Will    .....                   (no boots)
Stlth   +.........              (no amulet)
HPRegen 0.09/turn               (no ring)
MPRegen 0.09/turn               (no ring)

@: no status effects
A: sickness immunity, AC +3, negative energy resistance 1, electricity
resistance, torment resistance 1, petrification resistance
a: Renounce Religion, Upheaval, Elemental Force


You were on level 2 of the Dungeon.
You worshipped Qazlal.
Qazlal was most pleased with you.
You visited 1 branch of the dungeon, and saw 2 of its levels.

You collected 52 gold pieces.
You spent 24 gold pieces at shops.

Inventory:

Hand Weapons
 a - a +0 spear (weapon)
Armour
 b - a +0 scale mail of cold resistance (worn)
Scrolls
 c - 2 scrolls of enchant weapon
 e - a scroll of teleportation
Potions
 f - a potion of ambrosia
 g - a potion of heal wounds {unknown}
 h - a potion of brilliance {unknown}


   Skills:
 * Level 3.9 Fighting
 * Level 3.0 Polearms
 * Level 2.0 Armour
 * Level 2.8 Dodging
 - Level 2.1 Stealth
 + Level 1.2 Shields
 * Level 1.6 Invocations


You had 3 spell levels left.
You didn't know any spells.
Your spell library contained the following spells:

 Spells                   Type           Power      Damage    Failure   Level
 Beastly Appendage        Tmut           0%         N/A       78%         1
 Ensorcelled Hibernation  Hex/Ice        0%         N/A       89%         2
 Passwall                 Tmut/Erth      0%         N/A       89%         2
 Scorch                   Fire           0%         2d5       89%         2
 Wereblood                Tmut           0%         N/A       89%         2
 Spider Form              Tmut/Pois      0%         N/A       98%         3
 Swiftness                Air            0%         N/A       98%         3
 Flame Wave               Conj/Fire      0%         2d4       100%        4
 Summon Cactus Giant      Summ           0%         N/A       100%        6


Dungeon Overview and Level Annotations

Branches:
Dungeon (2/15)

Altars:
Qazlal

Shops:
D:2 ?

Annotations:
D:2 Crazy Yiuf


Innate Abilities, Weirdness & Mutations

You are immune to sickness and miasma.
Your stone body is resilient. (AC +3)
You are immune to poison.
You resist negative energy. (rN+)
You are resistant to electric shocks. (rElec)
You are resistant to unholy torment.
You are immune to petrification.


Message History

No target in view!
Found a stone staircase leading down.
g - a lumpy white potion
Things that are here:
a +0 hand axe; 2 silver boomerangs
Found a dagger.
Things that are here:
a +0 hand axe; 2 silver boomerangs
There is an open door here.
Found a robe.
Key pressed, stopping explore.
Found a chain mail.
No target in view!
You see here a +0 chain mail.
h - a metallic blue potion You see here a +0 mace.
Crazy Yiuf shouts!
You see here a +0 mace.
You see here a +0 mace.
You see here a +0 mace.
You see here a +0 mace.
As you read the scroll of identify, it crumbles to dust.
e - a scroll of teleportation
As you read the scroll of identify, it crumbles to dust.
f - a potion of ambrosia You open the door.
You closely miss Crazy Yiuf. Crazy Yiuf closely misses you.
You closely miss Crazy Yiuf. You block Crazy Yiuf's attack.
You hit Crazy Yiuf.
Crazy Yiuf is lightly wounded.
Crazy Yiuf hits you with a +3 quarterstaff of chaos!
Crazy Yiuf burns you.
You closely miss Crazy Yiuf.
Crazy Yiuf is lightly wounded.
Crazy Yiuf hits you with a +3 quarterstaff of chaos.
* * * LOW HITPOINT WARNING * * *
You hit Crazy Yiuf.
Crazy Yiuf is moderately wounded.
Crazy Yiuf hits you with a +3 quarterstaff of chaos!
You die...

...#.#
#....#####.###.#
#. ...#.# ##..##
#.# #.# #.
...#.# ###
♣.P.P♣ #.###.#
#. ...#.# #.#
♣)..♣♣ #.#...#
#. ...#.# #.#
♣♣)♣♣
#.#.######.
...#.# #.# ♣)♣♣
#.#........
####.# #.# ♣♣)♣
##.#########
####.# #.# ♣)♣♣
#...........
.#...# #.# ♣♣@♣
##.#########
.#.#######.# #g#
#.# ...........#
))) #.#
.#.#####...#
#)))# #.# .#.#
#...# #).)# #.#
.#.# #...# #####
#.# .#.# #...#
#.# .#.# #...###
#.# .#.# #####'#
####'#########


You could see Crazy Yiuf.

Vanquished Creatures
  Terence (D:2)
  3 adders (D:2)
  3 worms (D:2)
  A dart slug (D:1)
  6 ball pythons
  4 bats
  5 endoplasms
  A hobgoblin (D:1)
  6 jackals
  2 kobolds (D:1)
  2 quokkas (D:1)
  4 goblins
  5 rats
43 creatures vanquished.

Notes
Turn   | Place    | Note
-------+----------+-------------------------------------------
     0 | D:1      | HallandMoats the Gargoyle Monk began the quest for the Orb.
     0 | D:1      | Reached XP level 1. HP: 14/14 MP: 1/1
   213 | D:1      | Reached XP level 2. HP: 19/19 MP: 2/2
   254 | D:1      | Reached skill level 1 in Armour
   767 | D:1      | Reached skill level 1 in Invocations
  1105 | D:1      | Reached XP level 3. HP: 23/23 MP: 3/3
  1351 | D:1      | Found a faded altar of an unknown god.
  1360 | D:1      | Prayed at the altar of an unknown god.
  1360 | D:1      | Became a worshipper of Qazlal Stormbringer
  1360 | D:1      | Reached * piety under Qazlal
  1360 | D:1      | Reached ** piety under Qazlal
  1735 | D:2      | Found Romineih's Magic Scroll Shoppe.
  1743 | D:2      | Bought a scroll of identify for 24 gold pieces
  1791 | D:2      | Reached skill level 1 in Shields
  1791 | D:2      | Reached XP level 4. HP: 24/29 MP: 3/5
  2030 | D:2      | Found a runed translucent door.
  2031 | D:2      | Noticed Crazy Yiuf
  2201 | D:2      | Reached *** piety under Qazlal
  2354 | D:2      | Noticed Terence
  2389 | D:2      | Killed Terence
  3102 | D:2      | Slain by Crazy Yiuf

Illustrated notes

Levels and vault maps discovered:
D:1:      evilmike_arrival_rings, layout_basic, basic_ecumenical_altar
D:2:      layout_basic, serial_shops, nicolae_shop_crystal, uniq_terence,
          uniq_crazy_yiuf_cottage

Skill      XL: |  1  2  3  4 |
---------------+-------------+-----
Armour         | 1 2 |  2.0
Invocations    | 1 |  1.6
Shields        | 1 |  1.2
Polearms       | 3 |  3.0
Fighting       | |  3.9
Dodging        | |  2.8
Stealth        | |  2.1

Action                   |  1- 3 |  4- 6 || total
-------------------------+-------+-------++-------
Melee: Spear             |   157 |    69 ||   226
       Punch             |     1 |       ||     1
  Use: Scroll            |     2 |     2 ||     4
 Stab: Sleeping          |     4 |       ||     4
       Distracted        |     1 |       ||     1
Armor: Robe              |    34 |       ||    34
       Ring mail         |     8 |    15 ||    23
Dodge: Dodged            |    90 |    20 ||   110
Block: Other             |     2 |     9 ||    11
